 Dungeon Crawl Stone Soup version 0.18.1-48-g4cf74bf (webtiles) character file.

194077 PositiveJam the Shatterer (level 18, -10/172 HPs)
             Began as a Minotaur Fighter on Sept 11, 2016.
             Was the Champion of Okawaru.
             Shot with a bolt by Vashnia (18 damage)
             ... on level 3 of the Snake Pit.
             The game lasted 03:09:12 (44693 turns).

PositiveJam the Shatterer (Minotaur Fighter)       Turns: 44693, Time: 03:09:13

Health: -10/172    AC: 44    Str: 35    XL:     18   Next: 8%
Magic:  15/15      EV: 15    Int:  7    God:    Okawaru [******]
Gold:   2222       SH:  0    Dex: 10    Spells: 0 memorised, 17 levels left

rFire  + . .     SeeInvis +     b - +0 great mace (crush)
rCold  + . .     Gourm    .     m - +15 Maxwell's patent armour {-Cast -Tele rElec MR+ rCorr}
rNeg   . . .     Faith    +     (shield currently unavailable)
rPois  +         Spirit   .     W - +0 hat
rElec  +         Dismiss  .     J - +0 cloak
rCorr  +         Reflect  .     Z - +1 pair of gloves {archery}
SustAt .         Harm     .     I - +2 pair of boots of the Assassin {DetectMon Stab+ Stlth++}
MR     ++...     Clarity  +     a - amulet of faith
Stlth  .......... NoTele   +    A - +6 ring of strength NoCast +
                                O - ring of poison resistance

@: resistant, very slightly contaminated, very resistant to hostile
enchantments, extremely unstealthy
A: retaliatory headbutt, horns 2, talons 1, icy blue scales 1, thin metallic
scales 1, camouflage 1, see invisible, clarity, clever 1, low mp 1, screaming 1
a: Heroism, Finesse, Renounce Religion


You were on level 3 of the Snake Pit.
You worshipped Okawaru.
Okawaru was exalted by your worship.
You were not hungry.

You visited 6 branches of the dungeon, and saw 32 of its levels.
You also visited: Ossuary, Bailey and Volcano.

You collected 4065 gold pieces.
You spent 1843 gold pieces at shops.

Inventory:

Hand Weapons
 b - a +0 great mace of crushing (weapon)
 q - the +5 demon whip of the Extremes {drain, -Tele rF+++ rC+++ Str-2}
   (Okawaru gifted it to you on level 1 of the Shoals)

   A truly terrible weapon, it drains the life of those it strikes.
   It affects your strength (-2).
   It renders you almost immune to fire.
   It renders you almost immune to cold.
   It prevents most forms of teleportation.
 K - a +1 eveningstar of draining
Missiles
 R - 5 javelins of penetration (quivered)
Armour
 m - the +15 Maxwell's patent armour (worn) {-Cast -Tele rElec MR+ rCorr}
   (You bought it in a shop on level 2 of the Orcish Mines)

   It insulates you from electricity.
   It affects your resistance to hostile enchantments.
   It prevents spellcasting.
   It prevents most forms of teleportation.
   It protects you from acid and corrosion.
 D - a +2 buckler of protection
 E - the +2 buckler of Xacs {MR+}
   (You found it on level 2 of the Elven Halls)

   It affects your resistance to hostile enchantments.
 I - the +2 pair of boots of the Assassin (worn) {DetectMon Stab+ Stlth++}
   (Okawaru gifted it to you on level 11 of the Dungeon)

   It makes you much more stealthy.
 J - a +0 cloak (worn)
 W - a +0 hat (worn)
 Z - a +1 pair of gloves of archery (worn)
Jewellery
 a - an amulet of faith (around neck)
 i - an uncursed ring of protection from fire
 j - a +3 ring of strength
 o - an uncursed ring of protection from cold
 A - a +6 ring of strength (right hand)
 M - an uncursed ring of protection from cold
 O - a ring of poison resistance (left hand)
Wands
 c - a wand of lightning (8/15)
 p - a wand of confusion (17/48)
 B - a wand of slowing (17/48)
 N - a wand of flame (24/48)
 U - a wand of hasting (6/9)
 X - a wand of digging (12/24)
Scrolls
 l - 2 scrolls of fear
 t - 6 scrolls of enchant weapon
 u - 15 scrolls of remove curse
 v - 2 scrolls of holy word
 y - 8 scrolls of blinking
 z - 12 scrolls of teleportation
 C - a scroll of brand weapon
 F - 7 scrolls of magic mapping
 L - 4 scrolls of identify
 S - 2 scrolls of recharging
 V - a scroll of enchant armour
Potions
 d - 5 potions of might
 e - 3 potions of cancellation
 g - 4 potions of flight
 h - 3 potions of invisibility
 n - 2 potions of haste
 r - 2 potions of cure mutation
 w - 4 potions of berserk rage
 x - 6 potions of curing
 G - a potion of ambrosia
 H - a potion of magic
 Q - 5 potions of resistance
Books
 k - Mihanum's Compendium of the Entourage
   (You found it on level 1 of the Elven Halls)

   Spells                             Type                      Level
   a - Summon Butterflies             Summoning                    1
   b - Summon Ice Beast               Ice/Summoning                4
   c - Summon Demon                   Summoning                    5
 T - a book of Frost

   Spells                             Type                      Level
   a - Freeze                         Ice                          1
   b - Throw Frost                    Conjuration/Ice              2
   c - Ozocubu's Armour               Charms/Ice                   3
   d - Throw Icicle                   Conjuration/Ice              4
   e - Summon Ice Beast               Ice/Summoning                4
Comestibles
 f - 15 bread rations
 s - 3 meat rations
 Y - 2 fruits


   Skills:
 + Level 18.0 Fighting
 + Level 21.0 Maces & Flails
 + Level 18.0 Armour
 + Level 16.2 Dodging
 - Level 7.7 Shields


You had 17 spell levels left.
You didn't know any spells.

Dungeon Overview and Level Annotations

Branches:
Dungeon (15/15)            Temple (0/1) D:5            Lair (8/8) D:8
 Shoals (2/4) Lair:5        Snake (3/4) Lair:6        Slime (0/6) Lair:7
    Orc (2/2) D:12            Elf (2/3) Orc:2        Vaults (0/5) D:13
 Depths (0/5) D:15

Altars:
Ashenzari
Cheibriados
Dithmenos
Elyvilon
Gozag
Makhleb
Nemelex Xobeh
Okawaru
Pakellas
Qazlal
Ru
Trog
Vehumet
Yredelemnul
The Shining One
Beogh
Jiyva

Shops:
D:6 [   D:11 *   D:13 *   Orc:2 *(%%[   Elf:1 }

Annotations:
Lair:8 exclusion: oklob plant
Snake:3 Vashnia


Innate Abilities, Weirdness & Mutations

You reflexively headbutt those who attack you in melee.
You have a pair of horns on your head.
You have sharp toenails.
You are partially covered in icy blue scales (AC +1).
You are partially covered in thin metallic scales (AC +2).
Your skin changes colour to match your surroundings (Stealth).
You have supernaturally acute eyesight.
You possess an exceptional clarity of mind.
Your mind is acute. (Int +2)
Your magical capacity is low (-10% MP).
You occasionally shout uncontrollably at your foes.


Message History

Found a gnarled runed staff.
You feel sick.
You feel sick.
You start resting.
You feel sick.
You feel sick.
You feel sick.
You start resting.
You feel sick.
Vashnia shoots a bolt.
The bolt hits you!
* * * LOW HITPOINT WARNING * * *
You see here a bolt.
You feel sick.
You are no longer poisoned.
Vashnia gestures wildly while chanting.
Vashnia magically shoots a bolt.
The bolt hits you.
* * * LOW HITPOINT WARNING * * *
You see here a bolt.
Vashnia gestures wildly while chanting.
Vashnia magically shoots a bolt.
The bolt hits you!!
You die...

#### #... #...#
#######
#...#####.#@..##
#|......NN(....##
#.......N##(....#
####.>.(..N.###...##
#.........### #####
#...........#
#...........#
####..........#
#....(##.#...##


You could see Vashnia and 3 naga sharpshooters.

Vanquished Creatures
  Asterion (Snake:3)
  A deep elf blademaster (Elf:2)
  4 greater nagas
  2 orc warlords
  Louise (D:14)
  A deep elf elementalist (Elf:1)
  Aizul (Snake:2)
  The ghost of rlgrobin the Unseen, a journeyman DECK of Nemelex Xobeh (Elf:1)
  A stone giant (Orc:2)
  Nessos (Lair:8)
  2 deep elf demonologists (Elf:1)
  2 merfolk javelineers (Shoals:1)
  4 vault guards (D:13)
  Snorg (D:13)
  A rakshasa (D:13)
  The ghost of tyranidshit the Fighter, a journeyman DsAK of Lugonu (Lair:1)
  3 catoblepae (Lair:8)
  11 hydras
  3 centaur warriors
  A naga warrior (Snake:1)
  3 merfolk aquamancers
  2 ogre magi (Orc:2)
  9 anacondas
  A death knight (D:12)
  28 dancing weapons
  A vampire mage (D:15)
  17 death yaks (Lair:8)
  A shock serpent (Snake:1)
  7 naga sharpshooters
  Nergalle (D:12)
  8 deep elf knights
  The ghost of Rationalist the Nimble, a novice MiGl of Trog (Lair:1)
  2 salamander mystics (Snake:3)
  2 sea snakes
  3 skeletal warriors
  An unseen horror (D:15)
  2 deep trolls (Orc:2)
  4 deep elf archers
  A naga ritualist (Snake:3)
  A necromancer (D:15)
  2 phantasmal warriors (D:12)
  6 hill giants
  A sphinx zombie (D:15)
  The ghost of GameOver the Transmogrifier, a novice NaTm of Okawaru (Bailey)
  A golden dragon skeleton (D:15)
  3 griffons
  4 mana vipers
  3 orc sorcerers
  3 manticores
  3 orc knights
  41 deep elf magi
  3 ugly things
  3 cyclopes (Orc:2)
  4 salamanders
  A siren (Lair:5)
  10 elephants
  2 guardian serpents
  7 naga magi
  2 gargoyles
  35 black mambas
  2 kobold demonologists (D:15)
  20 spiny frogs
  2 rime drakes
  An efreet (D:14)
  5 komodo dragons
  2 freezing wraiths
  14 merfolk
  A queen bee (Lair:6)
  14 trolls
  2 polar bears (Lair:4)
  24 blink frogs
  7 two-headed ogres (Orc:2)
  A deep troll zombie (D:15)
  A boulder beetle (Lair:8)
  3 slime creatures (D:14)
  Sigmund (D:5)
  6 air elementals
  5 wyverns
  11 water elementals
  A wraith (D:13)
  The ghost of Rationalist the Ducker, an amateur MiGl (D:4)
  65 yaks
  2 hungry ghosts
  3 basilisks
  A human (D:7)
  8 vampire mosquitoes (D:14)
  10 hippogriffs
  A steam dragon (D:7)
  15 nagas
  A soldier ant (D:12)
  3 wargs
  A mottled dragon (D:13)
  32 water moccasins
  12 porcupines
  4 wasps
  6 sky beasts
  An ice beast (D:11)
  32 orc warriors
  3 black bears
  A necrophage (D:13)
  24 ogres
  8 wolves
  An eye of draining (D:14)
  A black bear (shapeshifter) (D:15)
  8 centaurs
  3 phantoms
  14 crocodiles
  3 big kobolds
  A yaktaur zombie (D:15)
  15 giant frogs
  An earth elemental (Elf:2)
  3 scorpions
  42 killer bees
  3 wights (D:7)
  2 howler monkeys
  An electric eel (D:14)
  4 centaur zombies
  4 crimson imps
  6 jellies
  A human zombie (Ossuary)
  2 giant frog zombies
  A gnoll shaman (Orc:2)
  2 hounds
  12 orc priests
  A quasit (D:6)
  3 giant frog skeletons
  29 orc wizards
  2 centaur skeletons
  10 iguanas
  Ijyb (D:3)
  9 worker ants
  23 sheep
  A big kobold zombie (Ossuary)
  4 mummies (Ossuary)
  A hound zombie (D:5)
  18 gnolls
  88 river rats
  26 adders
  6 shadow imps
  3 oozes
  7 worms
  5 dart slugs
  3 giant geckos
  97 orcs
  10 ball pythons
  17 bats
  5 giant cockroaches
  17 goblins
  17 hobgoblins
  14 jackals
  6 quokkas
  3 giant newts
  2 goblin zombies (Ossuary)
  3 hobgoblin zombies (Ossuary)
  A jackal skeleton (D:8)
  A jackal zombie (D:8)
  28 kobolds
  17 rats
  2 fungi (Lair:8)
  8 plants
1248 creatures vanquished.

Vanquished Creatures (others)
  A deep elf knight (Elf:1)
  A water elemental (Elf:2)
  An orc priest (Orc:1)
  4 bushes (Lair:8)
  41 fungi
  27 plants
75 creatures vanquished.

Grand Total: 1323 creatures vanquished

Notes
Turn   | Place    | Note
--------------------------------------------------------------
     0 | D:1      | PositiveJam the Minotaur Fighter began the quest for the Orb.
     0 | D:1      | Reached XP level 1. HP: 19/19 MP: 0/0
     3 | D:1      | Noticed an electric eel
     3 | D:1      | Noticed an electric eel
    98 | D:1      | Reached skill level 3 in Maces & Flails
   115 | D:1      | Reached XP level 2. HP: 26/26 MP: 1/1
   265 | D:1      | Reached skill level 4 in Maces & Flails
   450 | D:1      | Reached XP level 3. HP: 31/31 MP: 2/2
   567 | D:2      | Found a shadowy altar of Dithmenos.
   643 | D:2      | Reached skill level 5 in Maces & Flails
   983 | D:2      | Reached XP level 4. HP: 39/39 MP: 3/3
  1057 | D:2      | Reached skill level 6 in Maces & Flails
  1093 | D:2      | Found a burning altar of Makhleb.
  1120 | D:2      | Reached XP level 5. HP: 39/45 MP: 4/4
  1192 | D:2      | Found an opulent altar of Gozag.
  1552 | D:3      | Found a radiant altar of Vehumet.
  1579 | D:3      | Reached skill level 7 in Maces & Flails
  1761 | D:3      | Found a snail-covered altar of Cheibriados.
  1973 | D:3      | Found a sacrificial altar of Ru.
  1978 | D:3      | Noticed Ijyb
  1991 | D:3      | Killed Ijyb
  1991 | D:3      | Reached XP level 6. HP: 51/51 MP: 5/5
  2563 | D:4      | Found a sparkling altar of Nemelex Xobeh.
  2690 | D:4      | Reached skill level 8 in Maces & Flails
  3193 | D:4      | Reached skill level 9 in Maces & Flails
  3385 | D:4      | Noticed Rationalist's ghost (amateur MiGl)
  3389 | D:4      | Reached XP level 7. HP: 36/58 MP: 6/6
  3416 | D:4      | HP: 1/58 [Rationalist's ghost (5)]
  3448 | D:4      | Killed Rationalist's ghost
  3448 | D:4      | Reached skill level 1 in Dodging
  3840 | D:5      | Entered Level 5 of the Dungeon
  3880 | D:5      | Found an oddly glowing altar of Pakellas.
  3917 | D:5      | Found a glowing golden altar of the Shining One.
  3931 | D:5      | Noticed a water elemental
  3936 | D:5      | Found a stormy altar of Qazlal.
  3937 | D:5      | Noticed a fire elemental
  3937 | D:5      | Noticed an air elemental
  3960 | D:5      | Found a shattered altar of Ashenzari.
  3999 | D:5      | Found a staircase to the Ecumenical Temple.
  4106 | D:5      | Found a basalt altar of Yredelemnul.
  4259 | D:5      | Noticed Sigmund
  4270 | D:5      | Killed Sigmund
  4270 | D:5      | Reached skill level 10 in Maces & Flails
  4270 | D:5      | Reached XP level 8. HP: 67/67 MP: 7/7
  4528 | D:6      | Found a sand-covered staircase.
  4539 | Ossuary  | Entered an ossuary
  4711 | Ossuary  | Reached skill level 5 in Fighting
  4940 | D:6      | Reached skill level 5 in Armour
  4988 | D:6      | Reached skill level 5 in Shields
  5029 | D:6      | Found Kat Raudd's Antique Armour Emporium.
  5376 | D:6      | Reached skill level 11 in Maces & Flails
  5376 | D:6      | Reached XP level 9. HP: 24/74 MP: 8/8
  5780 | D:6      | Found an iron altar of Okawaru.
  5791 | D:6      | Became a worshipper of Warmaster Okawaru
  6209 | D:7      | Gained mutation: You regenerate slowly when monsters are visible. [mutagenic meat]
  6210 | D:7      | Gained mutation: You tend to lose your temper in combat. [mutagenic meat]
  6211 | D:7      | Lost mutation: You regenerate slowly when monsters are visible. [potion of cure mutation]
  6211 | D:7      | Lost mutation: You tend to lose your temper in combat. [potion of cure mutation]
  6406 | D:7      | Reached * piety under Okawaru
  6406 | D:7      | Reached skill level 5 in Dodging
  6639 | D:7      | Found a white marble altar of Elyvilon.
  6644 | D:7      | Found a glowing golden altar of the Shining One.
  6937 | D:7      | Reached skill level 12 in Maces & Flails
  6946 | D:7      | Reached ** piety under Okawaru
  7085 | D:8      | Reached XP level 10. HP: 51/86 MP: 9/9
  7559 | D:8      | Found a staircase to the Lair.
  8367 | D:8      | Gained mutation: You have a pair of large horns on your head. [mutagenic meat]
  8368 | D:8      | Gained mutation: You possess an exceptional clarity of mind. [mutagenic meat]
  8369 | D:8      | Gained mutation: Your magical capacity is low (-10% MP). [mutagenic meat]
  8370 | D:8      | Gained mutation: You are agile. (Dex +2) [mutagenic meat]
  8484 | Lair:1   | Entered Level 1 of the Lair of Beasts
  8549 | Lair:1   | Noticed a six-headed hydra
  8560 | Lair:1   | Killed a six-headed hydra
  8560 | Lair:1   | Reached *** piety under Okawaru
  8572 | Lair:1   | Reached skill level 13 in Maces & Flails
  8583 | Lair:1   | Noticed a black mamba
  8631 | Lair:1   | Killed a black mamba
  8717 | Lair:1   | Noticed Rationalist's ghost (novice MiGl)
  8730 | Lair:1   | Found a sacrificial altar of Ru.
  8751 | Lair:1   | Noticed tyranidshit's ghost (journeyman DsAK)
  8997 | Lair:2   | Noticed a spiny frog
  9005 | Lair:2   | Killed a spiny frog
  9206 | Lair:2   | Noticed a four-headed hydra
  9211 | Lair:2   | Killed a four-headed hydra
  9306 | Lair:2   | Reached **** piety under Okawaru
  9505 | Lair:2   | Reached XP level 11. HP: 84/95 MP: 8/8
 10185 | Lair:3   | Reached ***** piety under Okawaru
 10185 | Lair:3   | Reached skill level 14 in Maces & Flails
 10972 | Lair:4   | Noticed a four-headed hydra
 10979 | Lair:4   | Killed a four-headed hydra
 10979 | Lair:4   | Received a gift from Okawaru
 10996 | Lair:4   | Got a pair of shimmering boots {god gift}
 11007 | Lair:4   | Identified the +2 pair of boots of Okawaru's Regard {MP+9 Int+5} (Okawaru gifted it to you on level 4 of the Lair of Beasts)
 11133 | Lair:4   | Reached skill level 10 in Armour
 11618 | Lair:4   | Reached skill level 10 in Fighting
 11885 | Lair:4   | Reached XP level 12. HP: 61/106 MP: 9/9
 11887 | Lair:4   | Noticed a six-headed hydra
 11894 | Lair:4   | Killed a six-headed hydra
 12597 | Lair:4   | Reached skill level 15 in Maces & Flails
 13125 | Lair:5   | Found a dark tunnel.
 13135 | Volcano  | Entered a volcano
 13301 | Volcano  | Reached ****** piety under Okawaru
 13306 | Volcano  | Received a gift from Okawaru
 13459 | Lair:5   | Found a staircase to the Shoals.
 13465 | Lair:5   | Reached skill level 10 in Dodging
 13471 | Lair:5   | Identified 2 scrolls of acquirement
 14085 | Lair:6   | Found a staircase to the Snake Pit.
 14250 | Lair:6   | Received a gift from Okawaru
 14833 | Lair:6   | Reached XP level 13. HP: 43/117 MP: 10/10
 15143 | Lair:6   | Reached skill level 16 in Maces & Flails
 15324 | Lair:6   | Received a gift from Okawaru
 16650 | Lair:7   | Found a viscous altar of Jiyva.
 16650 | Lair:7   | Found a staircase to the Slime Pits.
 16912 | Lair:8   | Entered Level 8 of the Lair of Beasts
 17654 | Lair:8   | Received a gift from Okawaru
 17673 | Lair:8   | Got a smoking flail {god gift}
 17682 | Lair:8   | Identified the +1 flail "Qauppenu" {elec, Str+4} (Okawaru gifted it to you on level 8 of the Lair of Beasts)
 18007 | Lair:8   | Reached XP level 14. HP: 90/129 MP: 11/11
 18185 | Lair:8   | Reached skill level 17 in Maces & Flails
 18574 | Lair:8   | Received a gift from Okawaru
 18879 | Lair:8   | Noticed Nessos
 18891 | Lair:8   | Killed Nessos
 19920 | Lair:8   | Received a gift from Okawaru
 20763 | Lair:1   | Killed Rationalist's ghost
 20763 | Lair:1   | Received a gift from Okawaru
 20769 | Lair:1   | Got an ancient morningstar {god gift}
 20770 | Lair:1   | Identified the +0 morningstar "Dragonslayer" {freeze, rF+} (Okawaru gifted it to you on level 1 of the Lair of Beasts)
 20833 | Lair:1   | Killed tyranidshit's ghost
 21485 | D:9      | Found a bloodstained altar of Trog.
 21737 | D:9      | Lost mutation: Your magical capacity is low (-10% MP). [potion of mutation]
 21737 | D:9      | Gained mutation: Your spells are a little easier to cast, but a little less powerful. [potion of mutation]
 21738 | D:9      | Gained mutation: You are very agile. (Dex +4) [potion of mutation]
 21738 | D:9      | Lost mutation: You are very agile. (Dex +4) [potion of mutation]
 21738 | D:9      | Gained mutation: You have large cloven feet. [potion of mutation]
 22319 | D:9      | Lost mutation: You have large cloven feet. [mutagenic meat]
 22320 | D:9      | Gained mutation: Your magical capacity is low (-10% MP). [mutagenic meat]
 22321 | D:9      | Gained mutation: Your magical capacity is very low (-20% MP). [mutagenic meat]
 22322 | D:9      | Lost mutation: Your spells are a little easier to cast, but a little less powerful. [mutagenic meat]
 22323 | D:9      | Gained mutation: Your skin changes colour to match your surroundings (Stealth). [mutagenic meat]
 22525 | D:10     | Entered Level 10 of the Dungeon
 23304 | D:10     | Gained mutation: Your flesh is cold resistant. [mutagenic meat]
 23305 | D:10     | Gained mutation: You have sharp toenails. [mutagenic meat]
 23306 | D:10     | Gained mutation: You have supernaturally acute eyesight. [mutagenic meat]
 23964 | D:11     | Found Janib's General Store.
 24179 | D:11     | Gained mutation: Your body sometimes deteriorates upon taking damage. [mutagenic meat]
 24180 | D:11     | Lost mutation: Your body sometimes deteriorates upon taking damage. [potion of cure mutation]
 24180 | D:11     | Lost mutation: You have supernaturally acute eyesight. [potion of cure mutation]
 24180 | D:11     | Lost mutation: Your flesh is cold resistant. [potion of cure mutation]
 24180 | D:11     | Lost mutation: You have a pair of large horns on your head. [potion of cure mutation]
 24180 | D:11     | Lost mutation: You are agile. (Dex +2) [potion of cure mutation]
 24274 | D:11     | Gained mutation: You have supernaturally acute eyesight. [potion of beneficial mutation]
 24399 | D:11     | Received a gift from Okawaru
 24399 | D:11     | Reached XP level 15. HP: 139/139 MP: 11/11
 25019 | D:12     | Noticed Nergalle
 25025 | D:12     | Killed Nergalle
 25044 | D:12     | Found a staircase to the Orcish Mines.
 25092 | Orc:1    | Entered Level 1 of the Orcish Mines
 25177 | Orc:2    | Entered Level 2 of the Orcish Mines
 25221 | Orc:2    | Reached skill level 18 in Maces & Flails
 25294 | Orc:2    | Found a staircase to the Elven Halls.
 25393 | Orc:2    | Found Pilleus's Practical Paraphernalia.
 25408 | Orc:2    | Found a roughly hewn altar of Beogh.
 25470 | Orc:2    | Found Anecedas's Weapon Boutique.
 25491 | Orc:2    | Reached skill level 15 in Armour
 26026 | Orc:2    | Reached skill level 15 in Fighting
 26146 | Orc:2    | Received a gift from Okawaru
 26160 | Orc:2    | Found Fets's Food Boutique.
 26198 | Orc:2    | Found Seicaano's Food Shoppe.
 26209 | Orc:2    | Found Loaplus's Armour Shop.
 26573 | Orc:2    | Bought the +15 Maxwell's patent armour {-Cast -Tele rElec MR+ rCorr} for 1503 gold pieces
 28086 | D:12     | Found a shadowy altar of Dithmenos.
 28115 | D:12     | You fall through a shaft for 2 floors!
 28131 | D:14     | Found a flagged portal.
 28147 | Bailey   | Entered a bailey
 28156 | Bailey   | Noticed an orc warlord
 28266 | Bailey   | Noticed GameOver's ghost (novice NaTm)
 28286 | Bailey   | Killed GameOver's ghost
 28303 | Bailey   | Found a runed gate.
 28305 | Bailey   | Found a runed gate.
 28333 | Bailey   | Found a runed gate.
 28443 | Bailey   | Killed an orc warlord
 28701 | Bailey   | Gained mutation: Your mind is acute. (Int +2) [potion of beneficial mutation]
 28702 | Bailey   | Lost mutation: Your magical capacity is very low (-20% MP). [potion of beneficial mutation]
 29462 | D:13     | Found Lylazxoq's Elemental Accessories.
 29618 | D:13     | Noticed Snorg
 29624 | D:13     | Killed Snorg
 29994 | D:13     | Found a gate to the Vaults.
 30043 | D:13     | Received a gift from Okawaru
 30650 | D:14     | Noticed Louise
 30664 | D:14     | Killed Louise
 30664 | D:14     | Reached XP level 16. HP: 119/150 MP: 13/13
 31166 | D:14     | Received a gift from Okawaru
 31478 | D:15     | Entered Level 15 of the Dungeon
 31581 | D:15     | Found a staircase to the Depths.
 31828 | D:15     | Reached skill level 19 in Maces & Flails
 31970 | D:15     | Gained mutation: You are partially covered in icy blue scales (AC +1). [mutagenic meat]
 32507 | Shoals:1 | Entered Level 1 of the Shoals
 32737 | Shoals:1 | Received a gift from Okawaru
 32746 | Shoals:1 | Got a faintly glowing demon whip {god gift}
 32747 | Shoals:1 | Identified the +5 demon whip of the Extremes {drain, -Tele rF+++ rC+++ Str-2} (Okawaru gifted it to you on level 1 of the Shoals)
 33964 | Shoals:1 | HP: 7/151 [merfolk aquamancer/shard of ice (30)]
 34636 | Elf:1    | Entered Level 1 of the Elven Halls
 35117 | Elf:1    | Received a gift from Okawaru
 35138 | Elf:1    | Noticed a Hell Sentinel
 35159 | Elf:1    | HP: 5/152 [Hell Sentinel/damnation[a deep elf demonologist] (50)]
 35169 | Elf:1    | Noticed an Ice Fiend
 35784 | Elf:1    | Identified Mihanum's Compendium of the Entourage
 35933 | Elf:1    | Noticed rlgrobin's ghost (journeyman DECK)
 36022 | Elf:1    | Killed rlgrobin's ghost
 36420 | Elf:1    | Found Qabupoor's Gadget Shoppe.
 37010 | Elf:1    | Received a gift from Okawaru
 37332 | Elf:1    | Found a roughly hewn altar of Beogh.
 37875 | Elf:2    | Reached skill level 15 in Dodging
 37951 | Elf:2    | Reached skill level 20 in Maces & Flails
 37952 | Elf:2    | Found a runed gate.
 37952 | Elf:2    | Found a runed gate.
 37953 | Elf:2    | Found a runed gate.
 38768 | Elf:2    | Reached XP level 17. HP: 155/160 MP: 14/14
 38867 | Elf:2    | Got a bloodstained buckler
 38868 | Elf:2    | Identified the +2 buckler of Xacs {MR+} (You found it on level 2 of the Elven Halls)
 40248 | Elf:2    | Noticed a deep elf blademaster
 40263 | Elf:2    | Killed a deep elf blademaster
 40442 | Orc:2    | Bought an uncursed ring of poison resistance for 340 gold pieces
 40704 | Snake:1  | Entered Level 1 of the Snake Pit
 40980 | Snake:1  | Lost mutation: You have sharp toenails. [mutagenic meat]
 40981 | Snake:1  | Gained mutation: You are partially covered in thin metallic scales (AC +2). [mutagenic meat]
 41117 | Snake:1  | You fall through a shaft!
 41163 | Snake:2  | Gained mutation: Your spells are a little harder to cast, but a little more powerful. [mutagenic meat]
 41164 | Snake:2  | Lost mutation: Your spells are a little harder to cast, but a little more powerful. [mutagenic meat]
 41165 | Snake:2  | Gained mutation: You occasionally shout uncontrollably at your foes. [mutagenic meat]
 41166 | Snake:2  | Gained mutation: You have sharp toenails. [mutagenic meat]
 42892 | Snake:2  | Received a gift from Okawaru
 42939 | Snake:2  | Got a heavily jewelled robe {god gift}
 42940 | Snake:2  | Identified the +4 robe of the Country {Int+6} (Okawaru gifted it to you on level 2 of the Snake Pit)
 43162 | Snake:2  | Noticed Aizul
 43173 | Snake:2  | Killed Aizul
 43269 | Snake:3  | Noticed Vashnia
 44121 | Snake:3  | Found a sparkling altar of Nemelex Xobeh.
 44569 | Snake:3  | Reached XP level 18. HP: 118/171 MP: 15/15
 44580 | Snake:3  | Noticed Asterion
 44616 | Snake:3  | Reached skill level 21 in Maces & Flails
 44627 | Snake:3  | Killed Asterion
 44692 | Snake:3  | HP: 8/172 [Vashnia/bolt (6)]
 44693 | Snake:3  | Shot with a bolt by Vashnia

Skill      XL: |  1  2  3  4  5  6  7  8  9 10 11 12 13 14 15 16 17 18 |
---------------+-------------------------------------------------------+-----
Maces & Flails | 3 4 5 6 7 9 10 11 12 13 14 15 16 17 18 20 21 | 21.0
Fighting       | 4 5 7 8 10 11 13 14 15 16 17 18 | 18.0
Armour         | 4 5 7 8 10 11 13 14 15 16 17 18 | 18.0
Dodging        | 2 4 5 7 9 10 11 13 14 15 16 | 16.2
Shields        | 4 5 6 7 |  7.7

Action                   |  1- 3 |  4- 6 |  7- 9 | 10-12 | 13-15 | 16-18 || total
-------------------------+-------+-------+-------+-------+-------+-------++-------
Melee: Flail             |    89 |   149 |       |       |       |       ||   238
       Headbutt          |    13 |    36 |    83 |   179 |   373 |   255 ||   939
       Mace              |       |    66 |   328 |    76 |       |       ||   470
       Dire flail        |       |       |       |   552 |       |       ||   552
       Morningstar       |       |       |       |   177 |  1333 |    48 ||  1558
       Kick              |       |       |       |       |     2 |       ||     2
       Great mace        |       |       |       |       |       |  1006 ||  1006
Invok: Heroism           |       |       |       |     3 |     7 |     4 ||    14
       Finesse           |       |       |       |       |     4 |     2 ||     6
  Use: Scroll            |     9 |     6 |     5 |    11 |     7 |     5 ||    43
       Potion            |     1 |       |     4 |     3 |     8 |    15 ||    31
  Eat: Chunk             |       |     8 |    15 |    25 |    50 |    32 ||   130
       Fruit             |       |       |       |     3 |     2 |     4 ||     9
       Beef jerky        |       |       |       |       |     2 |     1 ||     3
       Bread ration      |       |       |       |       |     1 |     1 ||     2
       Pizza             |       |       |       |       |     1 |     2 ||     3
       Royal jelly       |       |       |       |       |     1 |       ||     1
       Meat ration       |       |       |       |       |       |     2 ||     2
Armor: Scale mail        |    50 |    26 |       |       |       |       ||    76
       Chain mail        |       |    65 |   153 |    86 |       |       ||   304
       Plate armour      |       |       |       |   300 |   587 |   757 ||  1644
Dodge: Dodged            |    30 |    49 |    74 |   448 |   722 |   644 ||  1967
Block: Shield            |    60 |    93 |   169 |    32 |       |       ||   354
       Buckler           |       |       |       |    86 |   474 |    29 ||   589
